 Dungeon Crawl Stone Soup version 0.26.1-11-gd32895ea62 (webtiles) character file.

Game seed: 17620032522786475428

70 Zeld the Twirler (level 4, -1/29 HPs)
             Began as an Octopode Gladiator on May 20, 2021.
             Slain by a goblin (2 damage)
             ... led by Robin
             ... on level 1 of the Dungeon.
             The game lasted 00:02:36 (2588 turns).

Zeld the Twirler (Octopode Gladiator)               Turns: 2588, Time: 00:02:37

Health: -1/29      AC:  1    Str: 13    XL:     4   Next: 22%
Magic:  4/4        EV: 14    Int: 10    God:
Gold:   59         SH:  0    Dex: 14    Spells: 3/3 levels left

rFire    . . .     SeeInvis .   a - +0 quarterstaff
rCold    . . .     Faith    .   (shield currently unavailable)
rNeg     . . .     Spirit   .   b - +0 hat
rPois    .         Reflect  .   (no amulet)
rElec    .         Harm     .   (no ring)
rCorr    .         Rampage  .   (no ring)
Will     .....                  (no ring)
Stlth    ++........             (no ring)
HPRegen  0.09/turn              (no ring)
MPRegen  0.09/turn              (no ring)
                                (no ring)
                                (no ring)

@: no status effects
A: almost no armour, stealthy swim, amphibious, 8 rings, constrict 8, camouflage
1, gelatinous body 1
a: no special abilities


You were on level 1 of the Dungeon.
You visited 1 branch of the dungeon, and saw 2 of its levels.

You collected 59 gold pieces.

Inventory:

Hand Weapons
 a - a +0 quarterstaff (weapon)
Missiles
 c - 3 throwing nets (quivered)
Armour
 b - a +0 hat (worn)
Jewellery
 i - a +4 ring of protection {unknown}
 k - an uncursed ring of positive energy {unknown}
Scrolls
 f - a scroll of random uselessness {unknown}
 g - 2 scrolls of remove curse {unknown}
 j - a scroll of amnesia {unknown}
 l - 4 scrolls of identify {unknown}
 m - a scroll of enchant armour {unknown}
 q - a scroll of teleportation {unknown}
 s - a scroll of enchant weapon {unknown}
Potions
 d - 2 potions of degeneration {unknown}
 e - 3 potions of curing {unknown}
 h - a potion of cancellation {unknown}
 n - a potion of flight {unknown}
 o - a potion of heal wounds {unknown}
 p - a potion of lignification {unknown}
 r - a potion of magic {unknown}
 t - a potion of mutation {unknown}
 u - a potion of haste {unknown}


   Skills:
 - Level 2.0 Fighting
 * Level 4.0 Staves
 * Level 3.3 Throwing
 - Level 3.0 Dodging


You had 3 spell levels left.
You didn't know any spells.
Your spell library was empty.

Dungeon Overview and Level Annotations

Branches:
Dungeon (2/15)

Altars:
Nemelex Xobeh

Annotations:
D:2 Robin


Innate Abilities, Weirdness & Mutations

You cannot wear most types of armour.
You are very stealthy in the water. (Stealth+)
You are amphibious.
You can wear up to eight rings at the same time.
You can use your tentacles to constrict eight enemies at once.
Your skin changes colour to match your surroundings (Stealth+).
Your rubbery body absorbs attacks. (AC +1, EV +1)


Message History

There is a stone staircase leading down here.
You climb downwards.
Level annotation: Robin The goblin closely misses you.
The goblin hits you.
Robin roars a battlecry!
The goblins go into a battle-frenzy!
The hobgoblin hits you but does no damage.
The goblin misses you. The goblin barely misses you. The goblin hits you.
There is a stone staircase leading up here.
The hobgoblin hits you with a +0 club!
The goblin hits you with a +2 dagger of electrocution.
You are electrocuted!
* * * LOW HITPOINT WARNING * * *
The goblin closely misses you. The goblin completely misses you.
You climb upwards.
There is a stone staircase leading down here.
The goblin hits you.
* * * LOW HITPOINT WARNING * * *
The goblin hits you.
You die...

.# #.#####..## #.......# .#
#........# #.##.##.# .#
########.# #.##.##.# .# ##'##
#.##..#.# .# ##...## #.###.#.#
.### ##.....## #.###.#.# ### ...#
##.......###.......# #..
.#.####.........####...########..
###...'.......gg@..........[.....
#....##......)gg####.........##..
#.#.#>##.......## #...#####.##..
#....####.....## #.#...# #.##..
###.## ##...## #.###.# #.##..
.#.## ##'## #.###.###.#... #.##
#.# #.........#.## #.# #.#
#####.#####.# #.# ##.## ### #.#
#.#


You could see a hobgoblin (strong) and 3 goblins.

Vanquished Creatures
  An adder (D:2)
  3 oozes
  A worm (D:2)
  2 dart slugs
  A leopard gecko (D:1)
  7 bats (D:1)
  8 goblins (D:1)
  5 hobgoblins
  A quokka (D:2)
  3 frilled lizards
  4 kobolds
  4 rats
40 creatures vanquished.

Notes
Turn   | Place    | Note
-------+----------+-------------------------------------------
     0 | D:1      | Zeld the Octopode Gladiator began the quest for the Orb.
     0 | D:1      | Reached XP level 1. HP: 14/14 MP: 1/1
   401 | D:1      | Reached XP level 2. HP: 19/19 MP: 2/2
   902 | D:1      | Reached XP level 3. HP: 24/24 MP: 3/3
  1588 | D:2      | Reached XP level 4. HP: 29/29 MP: 4/4
  1636 | D:2      | Reached skill level 4 in Staves
  1689 | D:2      | Found a sparkling altar of Nemelex Xobeh.
  2088 | D:2      | Noticed Robin
  2587 | D:1      | HP: 1/29 [goblin[Robin] (2)]
  2588 | D:1      | Slain by a goblin

Illustrated notes

Levels and vault maps discovered:
D:1:      dpeg_arrival_tiny_g, layout_loops_corners
D:2:      layout_basic, led_sif_pool, nemelex_xobeh_ov_fountains_minmay,
          tgw_fedhas, uniq_robin

Skill      XL: |  1  2  3  4 |
---------------+-------------+-----
Throwing       | 3 |  3.3
Staves         | 4 |  4.0
Fighting       | |  2.0
Dodging        | |  3.0

Action                   |  1- 3 |  4- 6 || total
-------------------------+-------+-------++-------
Melee: Quarterstaff      |    63 |    14 ||    77
       Constrict         |    13 |     2 ||    15
       Tentacles         |     4 |     2 ||     6
 Stab: Sleeping          |     5 |     1 ||     6
Armor: Skin              |     6 |     2 ||     8
Dodge: Dodged            |    41 |    18 ||    59
